[Event "ICC tourney 2487 (120 10)"]
[Site "Internet Chess Club"]
[Date "2021.04.02"]
[Round "2"]
[White "BORGE, RONALD:LOCHAR"]
[Black "ZHU, FLORINA:Florina12345"]
[Result "1-0"]
[ICCResult "Black resigns"]
[WhiteElo "1531"]
[BlackElo "1423"]
[Opening "King's Indian: fianchetto with ...Nc6"]
[ECO "E62"]
[NIC "KI.73"]
[Time "16:16:16"]
[PlyCount "159"]
[TimeControl "7200+10"]

1. c4 Nf6 2. g3 g6 3. Bg2 Bg7 4. Nc3 O-O 5. Nf3 d6 6. d4 Nc6 7. e4 e5 8.
O-O Re8 9. d5 Ne7 10. h3 h6 11. Be3 Nd7 12. Qd2 Kh7 13. Rad1 f5 14. Nh4 Nf6
15. exf5 Nxf5 16. Nxf5 gxf5 17. f4 e4 18. Kh2 Bh8 19. Rde1 b6 20. b4 Ba6
21. b5 Bb7 22. Rg1 a6 23. Bf1 Rg8 24. Bf2 axb5 25. Nxb5 Ba6 26. Nd4 Qd7 27.
Qc2 Bb7 28. Rc1 Ra4 29. Qd2 Rga8 30. Rc2 Bc8 31. Be2 Qf7 32. Bd1 Nd7 33.
Nb3 Ba6 34. Be2 Nc5 35. Bd4 Bxd4 36. Nxd4 h5 37. h4 Bc8 38. Nb3 Nxb3 39.
axb3 Ra3 40. Qc3 Bd7 41. Rb1 Be8 42. Qd4 Qg7 43. Qxg7+ Kxg7 44. Kg2 Ra2 45.
Rcb2 Kg6 46. Kf2 c6 47. dxc6 Bxc6 48. Rxa2 Rxa2 49. Rd1 d5 50. Ke3 Rb2 51.
cxd5 Rxb3+ 52. Kd4 Bd7 53. Ke5 Rb2 54. Re1 Rd2 55. Kd6 Ba4 56. Ke5 b5 57.
d6 b4 58. Bc4 b3 59. Be6 Bc6 60. Bxf5+ Kg7 61. Bxe4 Bxe4 62. Rxe4 Kf7 63.
Rb4 Rd3 64. Rb7+ Ke8 65. Ke6 Re3+ 66. Kf6 Rxg3 67. f5 Rd3 68. Kg5 Rxd6 69.
Rxb3 Rd5 70. Rb7 Kf8 71. Rh7 Kg8 72. Ra7 Rb5 73. Kg6 Rb8 74. Kxh5 Rb6 75.
Kg5 Rc6 76. h5 Rb6 77. h6 Kh8 78. f6 Rb8 79. Kg6 Rf8 80. Rh7+ { Black
resigns } 1-0

[Event "ICC tourney 2487 (120 10)"]
[Site "Internet Chess Club"]
[Date "2021.04.02"]
[Round "2"]
[White "HURST, CALVIN J:TheJaguar2"]
[Black "GUPTA, GAURAV KUMAR:gauravgupta"]
[Result "1/2-1/2"]
[ICCResult "Black stalemated"]
[WhiteElo "1405"]
[BlackElo "1320"]
[Opening "Sicilian: Alapin's variation (2.c3)"]
[ECO "B22"]
[NIC "SI.46"]
[Time "16:16:16"]
[PlyCount "89"]
[TimeControl "7200+10"]

1. e4 c5 2. c3 e6 3. d4 d5 4. exd5 exd5 5. dxc5 Bxc5 6. Nf3 Nc6 7. Qc2 h6
8. Be2 Nf6 9. O-O O-O 10. Bf4 Nh5 11. Qd2 Nxf4 12. Qxf4 Bd6 13. Qd2 Bf5 14.
Rd1 Be4 15. c4 Ne7 16. Nc3 Bb4 17. a3 Bxc3 18. Qxc3 Qc7 19. c5 b6 20. b4 a5
21. Nd4 axb4 22. axb4 Rxa1 23. Rxa1 bxc5 24. bxc5 Rc8 25. f3 Bg6 26. Rc1
Nc6 27. Nb5 Qe5 28. Qxe5 Nxe5 29. Nd6 Rc7 30. f4 Nd3 31. Bxd3 Bxd3 32. c6
Bc4 33. Nxc4 Rxc6 34. Kf2 dxc4 35. Ke3 f5 36. Kd4 Re6 37. g3 Re4+ 38. Kd5
Kf7 39. Rxc4 Rxc4 40. Kxc4 g5 41. Kd5 Kf6 42. h4 Kg6 43. Ke5 g4 44. Ke6 Kh5
45. Kxf5 { Black stalemated } 1/2-1/2

[Event "ICC tourney 2487 (120 10)"]
[Site "Internet Chess Club"]
[Date "2021.04.02"]
[Round "2"]
[White "GIRISH, NIYATHI:missqueen"]
[Black "SULTAN, BASHIR Cisse:muzikmixer"]
[Result "0-1"]
[ICCResult "White checkmated"]
[WhiteElo "1382"]
[BlackElo "1526"]
[Opening "Pirc: Ufimtsev-Pytel variation"]
[ECO "B07"]
[NIC "PU.08"]
[Time "16:17:07"]
[PlyCount "104"]
[TimeControl "7200+10"]

1. e4 d6 2. d4 Nf6 3. Nc3 c6 4. f4 Qa5 5. Bd3 e5 6. Be3 Ng4 7. Qf3 Nxe3 8.
Qxe3 Qb6 9. fxe5 dxe5 10. Nge2 exd4 11. Qxd4 Qxd4 12. Nxd4 Bc5 13. Nb3 Bb4
14. Kd2 Nd7 15. a3 Bd6 16. h3 Ne5 17. Rae1 h5 18. Rhf1 h4 19. Nd4 g6 20. b4
Ke7 21. Rf2 Nxd3 22. Kxd3 Bg3 23. Ref1 Bxf2 24. Rxf2 Be6 25. Nf3 Rad8+ 26.
Ke2 Bc4+ 27. Ke3 f6 28. e5 f5 29. Ng5 Rh5 30. Nf3 Ke6 31. a4 b5 32. a5 a6
33. Kf4 Ke7 34. Ke3 g5 35. Nd4 Rxd4 36. Kxd4 Ke6 37. Kc5 Kxe5 38. Kb6 Rh6
39. Kxa6 c5+ 40. Kb7 cxb4 41. a6 bxc3 42. a7 Bd5+ 43. Kb8 Ra6 44. Rf1 Kd6
45. Rxf5 Rb6+ 46. Kc8 Be6+ 47. Kd8 Ra6 48. Rxb5 Rxa7 49. Rb6+ Ke5 50. Rb1
Bd5 51. Re1+ Kd6 52. Rd1 Ra8# { White checkmated } 0-1

[Event "ICC tourney 2487 (120 10)"]
[Site "Internet Chess Club"]
[Date "2021.04.03"]
[Round "3"]
[White "LI, BOYANG:McTiger"]
[Black "WANG, YUANZHE:yogokings12"]
[Result "1-0"]
[ICCResult "Black checkmated"]
[WhiteElo "1361"]
[BlackElo "1592"]
[Opening "Sicilian: dragon, Yugoslav attack, Rauser variation"]
[ECO "B76"]
[NIC "SI.17"]
[Time "11:02:21"]
[PlyCount "29"]
[TimeControl "7200+10"]

1. e4 c5 2. Nf3 d6 3. d4 cxd4 4. Nxd4 Nf6 5. Nc3 g6 6. Be3 Bg7 7. f3 O-O 8.
Qd2 Nc6 9. O-O-O d5 10. Nxc6 bxc6 11. Bh6 Bxh6 12. Qxh6 Qa5 13. e5 d4 14.
exf6 dxc3 15. Qg7# { Black checkmated } 1-0

[Event "ICC tourney 2487 (120 10)"]
[Site "Internet Chess Club"]
[Date "2021.04.03"]
[Round "3"]
[White "BURRE, SRINIVAS:sburreus09"]
[Black "DANIELS, QUINTON:QuintonDaniels"]
[Result "1-0"]
[ICCResult "Black resigns"]
[WhiteElo "1545"]
[BlackElo "1430"]
[Opening "King's Indian: Sämisch, 5...O-O"]
[ECO "E81"]
[NIC "KI.54"]
[Time "11:02:25"]
[PlyCount "115"]
[TimeControl "7200+10"]

1. d4 Nf6 2. c4 g6 3. Nc3 Bg7 4. e4 d6 5. f3 O-O 6. Bd3 e5 7. d5 Nbd7 8. b4
c6 9. Nge2 a5 10. b5 c5 11. Be3 Ne8 12. Qd2 Qh4+ 13. Ng3 f5 14. Bg5 Bh6 15.
Bxh4 Bxd2+ 16. Kxd2 f4 17. Nge2 b6 18. a4 Nef6 19. h3 h6 20. g4 g5 21. Bf2
Kg7 22. h4 Bb7 23. Rh2 Rh8 24. Rah1 Rag8 25. Ng1 Nh7 26. Nh3 Ndf8 27. Ne2
Kg6 28. hxg5 hxg5 29. Nhg1 Kg7 30. Rh6 Nf6 31. Rxh8 Rxh8 32. Rxh8 Kxh8 33.
Nh3 N8h7 34. Neg1 Bc8 35. Be2 Kg7 36. Be1 Nd7 37. Kd3 Kg6 38. Nf2 Nhf6 39.
Ngh3 Ne8 40. Bf1 Bb7 41. Ke2 Bc8 42. Nh1 Nef6 43. Kf2 Nh7 44. Kg2 Nhf6 45.
N1f2 Nh7 46. Be2 Nhf8 47. Bf1 Kf6 48. Nxg5 Kxg5 49. Nh3+ Kf6 50. Bh4+ Kg7
51. Be7 Ng6 52. Bxd6 Nh4+ 53. Kf2 Ng6 54. Ng5 Ngf8 55. Ne6+ Kf7 56. Nxf8
Nxf8 57. Bxe5 Nd7 58. Bxf4 { Black resigns } 1-0

[Event "ICC tourney 2487 (120 10)"]
[Site "Internet Chess Club"]
[Date "2021.04.03"]
[Round "3"]
[White "ZHU, FLORINA:Florina12345"]
[Black "KUNAPULI, SIDDARTH SRIADITYA:siddarth1"]
[Result "0-1"]
[ICCResult "White checkmated"]
[WhiteElo "1423"]
[BlackElo "1510"]
[Opening "Sicilian defense"]
[ECO "B33"]
[NIC "SI.34"]
[Time "11:02:22"]
[PlyCount "60"]
[TimeControl "7200+10"]

1. e4 c5 2. Nf3 Nc6 3. d4 cxd4 4. Nxd4 Nf6 5. Nc3 e6 6. Be3 Bb4 7. f3 d5 8.
Nxc6 bxc6 9. e5 Nd7 10. f4 c5 11. a3 Ba5 12. Bd2 Bxc3 13. Bxc3 Qb6 14. b3
Bb7 15. Qg4 O-O-O 16. a4 a6 17. Qe2 d4 18. Bd2 Kb8 19. Rb1 Rc8 20. b4 c4
21. c3 d3 22. Qd1 f6 23. exf6 Nxf6 24. h4 Ne4 25. Qc1 Qf2+ 26. Kd1 Ng3 27.
Be1 Bf3+ 28. gxf3 Qxf3+ 29. Kd2 Nxf1+ 30. Rxf1 Qe2# { White checkmated }
0-1

[Event "ICC tourney 2487 (120 10)"]
[Site "Internet Chess Club"]
[Date "2021.04.03"]
[Round "3"]
[White "GARCIA, CARLOS:cayo89"]
[Black "WAKIDA, KEN:Yamato1945"]
[Result "1-0"]
[ICCResult "Black resigns"]
[WhiteElo "1499"]
[BlackElo "1439"]
[Opening "Queen's pawn, Mason variation, Steinitz counter-gambit"]
[ECO "D00"]
[NIC "QP.08"]
[Time "11:02:36"]
[PlyCount "65"]
[TimeControl "7200+10"]

1. d4 d5 2. Bf4 c5 3. e3 Nc6 4. c3 Nf6 5. Bd3 c4 6. Bc2 Bg4 7. f3 Bh5 8.
Nd2 Bg6 9. g4 Bxc2 10. Qxc2 h6 11. h4 e6 12. Ne2 Bd6 13. O-O-O Qc7 14. Bxd6
Qxd6 15. e4 dxe4 16. Nxe4 Nxe4 17. fxe4 O-O-O 18. Qa4 Rd7 19. Qxc4 Rc7 20.
Qa4 a6 21. Kb1 Rd8 22. g5 hxg5 23. hxg5 Qe7 24. Rdg1 f5 25. gxf6 Qxf6 26.
e5 Qf5+ 27. Ka1 g6 28. Rf1 Rh7 29. Rhg1 Qe4 30. Qc4 Rd5 31. Nf4 Ra5 32.
Qxe6+ Kb8 33. Qxg6 { Black resigns } 1-0

[Event "ICC tourney 2487 (120 10)"]
[Site "Internet Chess Club"]
[Date "2021.04.03"]
[Round "3"]
[White "Erdos, Tamas:erdostom"]
[Black "HURST, CALVIN J:TheJaguar2"]
[Result "0-1"]
[ICCResult "White resigns"]
[WhiteElo "1500"]
[BlackElo "1405"]
[Opening "Queen's pawn: stonewall attack"]
[ECO "A45"]
[NIC "QP.07"]
[Time "11:09:06"]
[PlyCount "128"]
[TimeControl "7200+10"]

1. d4 Nf6 2. e3 d5 3. Bd3 e6 4. Nd2 c5 5. c3 Nc6 6. f4 Be7 7. Ngf3 c4 8.
Bc2 b5 9. O-O O-O 10. Ne5 Qc7 11. g4 Nxe5 12. fxe5 Ne8 13. Nf3 f6 14. exf6
Nxf6 15. Ne5 Bd6 16. g5 Bxe5 17. gxf6 Bxf6 18. e4 Bd7 19. e5 Be7 20. Bf4
Be8 21. Qg4 Qd7 22. Qh3 g6 23. Bh6 Rxf1+ 24. Rxf1 Bf7 25. Qf3 Bf8 26. Bg5
b4 27. h4 b3 28. axb3 cxb3 29. Bb1 a5 30. h5 gxh5 31. Bf6 Bg6 32. Qg3 Qe8
33. Kh2 Bg7 34. Bxg7 Kxg7 35. Qf4 Qe7 36. Rg1 Rf8 37. Qg3 Qf7 38. Rg2 Qf4
39. Qxf4 Rxf4 40. Bd3 Rg4 41. Bb5 Be4 42. Rg3 Kg6 43. Ba4 Bc2 44. Rg2 Rxg2+
45. Kxg2 Kf5 46. Kg3 Bd1 47. Bd7 Bg4 48. Ba4 Ke4 49. Bxb3 Kd3 50. Ba4 Kd2
51. b4 axb4 52. cxb4 Be2 53. b5 Ke3 54. b6 Ba6 55. Bc6 Kxd4 56. b7 Bxb7 57.
Bxb7 Kxe5 58. Kf3 h4 59. Ba6 Kd4 60. Bf1 e5 61. Kg4 e4 62. Kxh4 Ke3 63. Kg3
d4 64. Kg2 d3 { White resigns } 0-1

[Event "ICC tourney 2487 (120 10)"]
[Site "Internet Chess Club"]
[Date "2021.04.03"]
[Round "3"]
[White "SULTAN, BASHIR Cisse:muzikmixer"]
[Black "KESKI, KAYA:trickycreeper"]
[Result "0-1"]
[ICCResult "White resigns"]
[WhiteElo "1526"]
[BlackElo "1490"]
[Opening "English opening"]
[ECO "A13"]
[NIC "EO.64"]
[Time "11:02:44"]
[PlyCount "96"]
[TimeControl "7200+10"]

1. c4 e6 2. Nf3 f5 3. g3 Nf6 4. Bg2 d5 5. cxd5 exd5 6. O-O c6 7. d4 Bd6 8.
Bg5 O-O 9. e3 h6 10. Bxf6 Qxf6 11. Qb3 Nd7 12. Nc3 Kh8 13. Nd2 Re8 14. Rae1
b6 15. f4 Bb7 16. Nf3 g6 17. Ne5 Qg7 18. Nxd7 Qxd7 19. Nb1 a5 20. a3 a4 21.
Qd1 b5 22. Nd2 b4 23. axb4 Bxb4 24. Rf2 Re7 25. Nf3 Bxe1 26. Qxe1 Qd6 27.
Ne5 Kh7 28. Rc2 a3 29. bxa3 Qxa3 30. Kf2 Qb3 31. Qd2 Ra1 32. Rb2 Qa3 33.
Bf1 Ba6 34. Bxa6 Qxa6 35. Qe2 Rb7 36. Qxa6 Rxb2+ 37. Qe2 Rxe2+ 38. Kxe2
Ra2+ 39. Kd3 Rxh2 40. Nxc6 h5 41. Ne7 Rg2 42. Nxd5 Rxg3 43. Nc3 h4 44. d5
Kg7 45. Ne2 Rg2 46. d6 Kf7 47. Nd4 h3 48. Nf3 h2 { White resigns } 0-1

[Event "ICC tourney 2487 (120 10)"]
[Site "Internet Chess Club"]
[Date "2021.04.03"]
[Round "3"]
[White "XIE, CHARLES:charlestxie"]
[Black "BORGE, RONALD:LOCHAR"]
[Result "1-0"]
[ICCResult "Black resigns"]
[WhiteElo "1420"]
[BlackElo "1531"]
[Opening "Old Indian defense"]
[ECO "A42"]
[NIC "OI.07"]
[Time "11:02:23"]
[PlyCount "74"]
[TimeControl "7200+10"]

1. d4 d6 2. c4 e5 3. d5 e4 4. Nc3 f5 5. e3 Nf6 6. Nge2 g6 7. Qc2 Bg7 8. Ng3
Nbd7 9. Be2 a5 10. Bd2 Nc5 11. Na4 Nfd7 12. Nxc5 Nxc5 13. Bc3 O-O 14. Bxg7
Kxg7 15. h4 h6 16. O-O-O Qf6 17. f4 Bd7 18. Qc3 Qxc3+ 19. bxc3 h5 20. Kd2
a4 21. Rb1 a3 22. Rb4 b6 23. Rhb1 Kf6 24. Nh1 Ra7 25. Nf2 Bc8 26. Bd1 Ba6
27. Bc2 Bc8 28. Nh3 Bd7 29. Rc1 Rfa8 30. Ng1 Ra5 31. Ne2 Nb7 32. Nd4 Nc5
33. Nb5 Bxb5 34. cxb5 Re8 35. c4 Raa8 36. Re1 Re7 37. Re2 Ree8 { Black
resigns } 1-0

[Event "ICC tourney 2487 (120 10)"]
[Site "Internet Chess Club"]
[Date "2021.04.03"]
[Round "3"]
[White "GIRISH, NIYATHI:missqueen"]
[Black "MAKODE, ATHARVA:atharvamchess"]
[Result "1-0"]
[ICCResult "Black resigns"]
[WhiteElo "1382"]
[BlackElo "1498"]
[Opening "Giuoco Piano"]
[ECO "C54"]
[NIC "IG.02"]
[Time "11:03:16"]
[PlyCount "63"]
[TimeControl "7200+10"]

1. e4 e5 2. Nf3 Nc6 3. Bc4 Bc5 4. c3 Nf6 5. d3 h6 6. a4 a6 7. b4 Bb6 8. O-O
O-O 9. a5 Ba7 10. Nbd2 d6 11. h3 Be6 12. Bxe6 fxe6 13. Re1 Qe8 14. Nf1 Nh5
15. N1h2 Nf4 16. Bxf4 Rxf4 17. Qb3 Nd8 18. Rab1 Rf7 19. Rb2 c6 20. d4 exd4
21. cxd4 Kh8 22. e5 d5 23. Qc2 Qg8 24. Nh4 Qh7 25. Ng6+ Kg8 26. Nf3 Rf5 27.
Ne7+ Kf8 28. Nxf5 exf5 29. e6 Ke7 30. Rb3 g5 31. g4 Qg7 32. Qxf5 { Black
resigns } 1-0

[Event "ICC tourney 2487 (120 10)"]
[Site "Internet Chess Club"]
[Date "2021.04.03"]
[Round "3"]
[White "JACKSON, MASSIMO MATEO:Yeetamus123"]
[Black "KRYLOV, RATISLAV:RatislavK"]
[Result "1/2-1/2"]
[ICCResult "Game drawn because neither player has mating material"]
[WhiteElo "1305"]
[BlackElo "1489"]
[Opening "Sicilian: closed, 2...Nc6"]
[ECO "B23"]
[NIC "SI.44"]
[Time "11:02:27"]
[PlyCount "105"]
[TimeControl "7200+10"]

1. e4 c5 2. Nc3 Nc6 3. Bb5 g6 4. Bxc6 dxc6 5. f4 Bg7 6. d3 b5 7. Nf3 b4 8.
Ne2 c4 9. dxc4 Qxd1+ 10. Kxd1 Nf6 11. Ng3 Ng4 12. Ke2 Ba6 13. Nd2 Rd8 14.
Rb1 O-O 15. Rd1 Nxh2 16. b3 Ng4 17. Bb2 Bxb2 18. Rxb2 Rd7 19. Rbb1 Rfd8 20.
Nf3 Rxd1 21. Rxd1 Rxd1 22. Kxd1 Ne3+ 23. Kd2 Nxg2 24. Ne2 c5 25. Ne5 Bb7
26. Nd7 Bxe4 27. Nxc5 Bf3 28. Nd3 a5 29. c5 f6 30. Nd4 Bd5 31. c6 Kf7 32.
c7 Bb7 33. Nc6 Ke8 34. Nc5 Nxf4 35. Nxb7 Kd7 36. Nxe7 Kxc7 37. Nxa5 Kd7 38.
Nec6 h5 39. Ke3 Nd5+ 40. Kf3 h4 41. Kg4 g5 42. Nd4 Ne3+ 43. Kh3 Kd6 44. c3
bxc3 45. Nb5+ Kc5 46. Nxc3 Kb4 47. Nc4 Nxc4 48. bxc4 Kxc4 49. a4 Kb4 50.
Ne4 Kxa4 51. Nxf6 g4+ 52. Nxg4 Kb4 53. Kxh4 { Game drawn because neither
player has mating material } 1/2-1/2

[Event "ICC tourney 2487 (120 10)"]
[Site "Internet Chess Club"]
[Date "2021.04.03"]
[Round "3"]
[White "ZHUGE, KATHERINE:FlowingMelody"]
[Black "GILLMAN, JONES:JonesGill"]
[Result "1-0"]
[ICCResult "Black resigns"]
[WhiteElo "1428"]
[BlackElo "1387"]
[Opening "Scandinavian defense"]
[ECO "B01"]
[NIC "SD.03"]
[Time "11:02:24"]
[PlyCount "141"]
[TimeControl "7200+10"]

1. e4 d5 2. exd5 Nf6 3. d4 Bg4 4. Nf3 Qxd5 5. Be2 e6 6. Nc3 Bb4 7. a3 Bxc3+
8. bxc3 Nc6 9. O-O O-O 10. h3 Bh5 11. Be3 Ne4 12. c4 Qd7 13. d5 exd5 14.
cxd5 Nb8 15. Qd4 Bxf3 16. Bxf3 Nf6 17. Bg5 Ne8 18. Qb4 Nd6 19. c4 Na6 20.
Qc3 b6 21. Rfe1 Rfe8 22. Re3 Rxe3 23. Bxe3 Re8 24. Bd4 f6 25. Qd3 Re7 26.
Bg4 f5 27. Bh5 g6 28. Bf3 Ne4 29. Re1 Nac5 30. Qc2 a5 31. Ba1 h6 32. Qb2
Rh7 33. Bxe4 Nxe4 34. f3 Nc5 35. Qf6 g5 36. Qg6+ Kf8 37. Qf6+ Kg8 38. Kh1
Nb3 39. Bb2 Nc5 40. Qg6+ Kf8 41. Bf6 f4 42. Kg1 Qf7 43. Be7+ Qxe7 44. Rxe7
Rxe7 45. Qxh6+ Rg7 46. Qf6+ Kg8 47. Qd8+ Kh7 48. d6 cxd6 49. Qxb6 Nb7 50.
Kf2 Re7 51. Qb1+ Kh6 52. Qf5 Rg7 53. Qf6+ Kh7 54. h4 Rg6 55. Qf7+ Rg7 56.
Qh5+ Kg8 57. hxg5 Nc5 58. g6 Nd3+ 59. Ke2 Ne5 60. c5 Nxg6 61. cxd6 a4 62.
d7 Rxd7 63. Qxg6+ Kf8 64. Qf5+ Rf7 65. Qc8+ Kg7 66. Qc3+ Kf8 67. Kd3 Rd7+
68. Ke4 Re7+ 69. Kxf4 Rf7+ 70. Ke5 Re7+ 71. Kd6 { Black resigns } 1-0

[Event "ICC tourney 2487 (120 10)"]
[Site "Internet Chess Club"]
[Date "2021.04.03"]
[Round "3"]
[White "PRASANNA, KEVIN FRANCO:Kfprasanna"]
[Black "MYADAM, TANISHQ ARYAN:tanishqchess"]
[Result "1/2-1/2"]
[ICCResult "Game drawn because neither player has mating material"]
[WhiteElo "1306"]
[BlackElo "1488"]
[Opening "King's pawn game"]
[ECO "C44"]
[NIC "KP.07"]
[Time "11:02:24"]
[PlyCount "116"]
[TimeControl "7200+10"]

1. e4 e5 2. Nf3 Nc6 3. d3 Nf6 4. Nc3 Bb4 5. Bd2 d6 6. h3 d5 7. exd5 Nxd5 8.
Nxd5 Qxd5 9. Bxb4 Nxb4 10. a3 Nc6 11. c4 Qd6 12. b4 b6 13. Be2 Nd4 14. O-O
Bb7 15. Nxd4 Qxd4 16. Qd2 O-O 17. Qe3 Qd6 18. Rad1 Rfe8 19. Bf3 Bxf3 20.
Qxf3 Rad8 21. Rfe1 c5 22. b5 f6 23. Re4 Re6 24. Re3 Qd7 25. Qe4 Qd4 26.
Qxd4 Rxd4 27. Re4 Red6 28. Rxd4 Rxd4 29. f3 f5 30. Kf2 Kf7 31. g4 fxg4 32.
hxg4 Kf6 33. Ke3 h5 34. Rg1 hxg4 35. fxg4 Kg5 36. Rf1 Kxg4 37. Rg1+ Kf5 38.
Rxg7 e4 39. dxe4+ Rxe4+ 40. Kd3 Rf4 41. Rxa7 Rf3+ 42. Ke2 Rc3 43. Ra6 Rxc4
44. Rxb6 Ke4 45. Rh6 Rc2+ 46. Kd1 Ra2 47. Rh3 Rb2 48. a4 c4 49. Rh4+ Kd3
50. Rh3+ Kd4 51. Kc1 Rb4 52. Ra3 c3 53. Ra2 Kd3 54. Rh2 Rxa4 55. Rh3+ Kc4
56. Kc2 Kxb5 57. Rxc3 Rc4 58. Rxc4 Kxc4 { Game drawn because neither player
has mating material } 1/2-1/2

[Event "ICC tourney 2487 (120 10)"]
[Site "Internet Chess Club"]
[Date "2021.04.03"]
[Round "4"]
[White "KUNAPULI, SIDDARTH SRIADITYA:siddarth1"]
[Black "JACKSON, MASSIMO MATEO:Yeetamus123"]
[Result "0-1"]
[ICCResult "White resigns"]
[WhiteElo "1510"]
[BlackElo "1305"]
[Opening "Sicilian: Alapin's variation (2.c3)"]
[ECO "B22"]
[NIC "SI.47"]
[Time "16:16:53"]
[PlyCount "44"]
[TimeControl "7200+10"]

1. e4 c5 2. c3 Nf6 3. e5 Nd5 4. d4 cxd4 5. Nf3 e6 6. cxd4 Nc6 7. Bd3 Bb4+
8. Bd2 Bxd2+ 9. Nbxd2 O-O 10. O-O d6 11. exd6 Qxd6 12. Bxh7+ Kxh7 13. Ng5+
Kg8 14. Nde4 Qf4 15. Qh5 Qf5 16. f4 Qg6 17. Qh4 f6 18. Nf3 Qxe4 19. Rae1
Qxf4 20. Qh5 Qh6 21. Qg4 f5 22. Qg3 f4 { White resigns } 0-1

[Event "ICC tourney 2487 (120 10)"]
[Site "Internet Chess Club"]
[Date "2021.04.03"]
[Round "4"]
[White "DANIELS, QUINTON:QuintonDaniels"]
[Black "DALEY, EDWARD L:GoIrish"]
[Result "0-1"]
[ICCResult "White resigns"]
[WhiteElo "1430"]
[BlackElo "1418"]
[Opening "King's Indian: Petrosian system, Stein variation"]
[ECO "E92"]
[NIC "KI.17"]
[Time "16:16:43"]
[PlyCount "54"]
[TimeControl "7200+10"]

1. d4 Nf6 2. c4 g6 3. Nc3 Bg7 4. e4 d6 5. Nf3 O-O 6. Be2 e5 7. d5 a5 8. O-O
Na6 9. h3 Nc5 10. Qc2 Nh5 11. a3 f5 12. Bg5 Nf6 13. Nd2 f4 14. b4 Ncd7 15.
Nb5 h6 16. Bxf6 Nxf6 17. c5 Rf7 18. cxd6 cxd6 19. Nc4 Bf8 20. f3 Nh5 21.
Rfc1 Ng3 22. bxa5 Rxa5 23. Nxa5 Qxa5 24. Rab1 Qb6+ 25. Kh2 Bxh3 26. Kxh3
Qf2 27. Rf1 Nxf1 { White resigns } 0-1

[Event "ICC tourney 2487 (120 10)"]
[Site "Internet Chess Club"]
[Date "2021.04.03"]
[Round "4"]
[White "MYADAM, TANISHQ ARYAN:tanishqchess"]
[Black "LI, BOYANG:McTiger"]
[Result "0-1"]
[ICCResult "White resigns"]
[WhiteElo "1488"]
[BlackElo "1361"]
[Opening "Sicilian: Anderssen variation"]
[ECO "B41"]
[NIC "SI.41"]
[Time "16:17:06"]
[PlyCount "112"]
[TimeControl "7200+10"]

1. e4 c5 2. Nf3 e6 3. d4 cxd4 4. Nxd4 Nf6 5. Nc3 Nc6 6. Nf3 Bb4 7. Bd2 Bxc3
8. Bxc3 Nxe4 9. Bxg7 Rg8 10. Bd4 d5 11. Ne5 Nxd4 12. Qxd4 Qa5+ 13. c3 f6
14. Nc4 Qc5 15. Qxc5 Nxc5 16. Ne3 Bd7 17. O-O-O Ne4 18. Rg1 Nxf2 19. Rd4
Ke7 20. Be2 Bc6 21. Rh4 Rg7 22. Rf1 Ne4 23. Bf3 Ng5 24. Bd1 Rf8 25. Bc2 f5
26. Rff4 Be8 27. h3 Bg6 28. g4 fxg4 29. Rxf8 Kxf8 30. Nxg4 Be4 31. Bxe4
Nxe4 32. Rh6 Ke7 33. Ne3 Rf7 34. Kc2 Kd6 35. Ng4 a5 36. a3 a4 37. Ne3 Rf2+
38. Kb1 Nd2+ 39. Ka2 Nb3 40. Kb1 Rf7 41. Rh4 b5 42. Rh6 Rf3 43. Ng4 Nd2+
44. Kc2 Nc4 45. Rxh7 Rg3 46. Nf6 Rg2+ 47. Kd1 Rxb2 48. h4 Nxa3 49. h5 Rh2
50. h6 Nb1 51. Rd7+ Kc6 52. Ra7 Nxc3+ 53. Kc1 Rxh6 54. Ra6+ Kc5 55. Rxe6
Kd4 56. Rc6 Ne4 { White resigns } 0-1

[Event "ICC tourney 2487 (120 10)"]
[Site "Internet Chess Club"]
[Date "2021.04.03"]
[Round "4"]
[White "Kannan, Aadhi M:niftyfountain"]
[Black "SULTAN, BASHIR Cisse:muzikmixer"]
[Result "1-0"]
[ICCResult "Black resigns"]
[WhiteElo "1334"]
[BlackElo "1526"]
[Opening "Pirc: Ufimtsev-Pytel variation"]
[ECO "B07"]
[NIC "PU.08"]
[Time "16:16:45"]
[PlyCount "50"]
[TimeControl "7200+10"]

1. e4 d6 2. d4 Nf6 3. Nc3 c6 4. Be3 Qa5 5. f3 e5 6. dxe5 dxe5 7. a3 b5 8.
b4 Qd8 9. Qxd8+ Kxd8 10. Bd3 a5 11. Bb6+ Ke8 12. Bxa5 Rxa5 13. bxa5 Na6 14.
Nge2 Bc5 15. Kd2 Ke7 16. Rhb1 Rd8 17. Ke1 Ne8 18. a4 b4 19. Na2 Nec7 20.
Bc4 Be6 21. Bb3 Be3 22. Rd1 Rxd1+ 23. Rxd1 Bxb3 24. cxb3 Nc5 25. Nxb4 Nxb3
{ Black resigns } 1-0

[Event "ICC tourney 2487 (120 10)"]
[Site "Internet Chess Club"]
[Date "2021.04.03"]
[Round "4"]
[White "HURST, CALVIN J:TheJaguar2"]
[Black "BURRE, SRINIVAS:sburreus09"]
[Result "1-0"]
[ICCResult "Black checkmated"]
[WhiteElo "1405"]
[BlackElo "1545"]
[Opening "King's pawn opening"]
[ECO "B07"]
[NIC "VO.17"]
[Time "16:16:41"]
[PlyCount "127"]
[TimeControl "7200+10"]

1. e4 d6 2. Bc4 Nf6 3. Nc3 c6 4. d4 Qc7 5. Nf3 h6 6. h3 b5 7. Bd3 Nbd7 8.
O-O e5 9. Re1 b4 10. Ne2 Bb7 11. Ng3 g6 12. c4 exd4 13. Nxd4 Bg7 14. Bf4
O-O 15. Qd2 Kh7 16. Qxb4 Ne5 17. Bxe5 dxe5 18. Nf3 Rad8 19. Rad1 c5 20. Qc3
Ng8 21. Qc2 a5 22. Nf1 Ne7 23. Ne3 Nc6 24. Nd5 Qb8 25. a3 Bc8 26. Rb1 Rd7
27. Qa4 Qb7 28. g4 Rfd8 29. Nd2 Qa7 30. Qxc6 Bb7 31. Qa4 Rd6 32. b4 cxb4
33. axb4 Qd4 34. Qc2 axb4 35. Rxb4 Bc8 36. Nb3 Qa7 37. Ra1 Ra6 38. Rxa6
Qxa6 39. Rb6 Qa7 40. c5 Be6 41. Bc4 Rc8 42. Ra6 Qb7 43. Na5 Qb8 44. Qb3 Bf8
45. Qxb8 Rxb8 46. c6 Bc5 47. Nb7 Bd4 48. Nf6+ Kg7 49. Bxe6 fxe6 50. Nd7 Rc8
51. Nd6 Rc7 52. Ne8+ Kf7 53. Nxc7 Ke7 54. Nb5 g5 55. c7 Kxd7 56. Rd6+ Kc8
57. Rd8+ Kb7 58. c8=Q+ Kb6 59. Rd6+ Kxb5 60. Qb7+ Kc4 61. Rxe6 Kd3 62. Qb3+
Kxe4 63. Kg2 Kf4 64. Qf3# { Black checkmated } 1-0

[Event "ICC tourney 2487 (120 10)"]
[Site "Internet Chess Club"]
[Date "2021.04.03"]
[Round "4"]
[White "MAKODE, ATHARVA:atharvamchess"]
[Black "ZHU, FLORINA:Florina12345"]
[Result "1/2-1/2"]
[ICCResult "Game drawn by mutual agreement"]
[WhiteElo "1498"]
[BlackElo "1423"]
[Opening "Queen's pawn: London system"]
[ECO "A45"]
[NIC "QP.07"]
[Time "16:16:41"]
[PlyCount "73"]
[TimeControl "7200+10"]

1. d4 Nf6 2. Bf4 g6 3. e3 Bg7 4. Nf3 O-O 5. Bd3 d6 6. O-O Nc6 7. c3 Re8 8.
Bg3 Bg4 9. Nbd2 e5 10. Be2 e4 11. Ne1 Bxe2 12. Qxe2 a6 13. c4 Rb8 14. Nc2
b5 15. cxb5 Rxb5 16. b3 Nd5 17. Na3 Rb6 18. Rfc1 Ncb4 19. Ndc4 Rb8 20. Nb2
c5 21. Nac4 Re6 22. dxc5 Nd3 23. Rc2 Bxb2 24. Nxb2 Nxc5 25. Rd1 Nd3 26. Rc4
N5b4 27. Nxd3 Nxd3 28. f3 f5 29. fxe4 fxe4 30. Rd2 Rc8 31. Rxc8 Qxc8 32.
Rc2 Qd7 33. Qd2 Re8 34. Qc3 d5 35. Qd4 Qg7 36. Qxg7+ Kxg7 37. Kf1 { Game
drawn by mutual agreement } 1/2-1/2

[Event "ICC tourney 2487 (120 10)"]
[Site "Internet Chess Club"]
[Date "2021.04.03"]
[Round "4"]
[White "KESKI, KAYA:trickycreeper"]
[Black "GARCIA, CARLOS:cayo89"]
[Result "1-0"]
[ICCResult "Black resigns"]
[WhiteElo "1490"]
[BlackElo "1499"]
[Opening "Queen's Pawn"]
[ECO "A41"]
[NIC "QO.17"]
[Time "16:17:34"]
[PlyCount "61"]
[TimeControl "7200+10"]

1. d4 d6 2. e3 Nf6 3. f4 Nbd7 4. Nf3 b6 5. Bd3 Bb7 6. O-O Ne4 7. Nbd2 Ndf6
8. c3 e6 9. Nxe4 Nxe4 10. d5 exd5 11. Bb5+ Ke7 12. Nd4 Qc8 13. Nc6+ Bxc6
14. Bxc6 Nf6 15. Bxa8 Qxa8 16. b3 Qc6 17. Bb2 Ne4 18. Rc1 b5 19. Qd4 Qc5
20. Qxc5 Nxc5 21. c4 dxc4 22. bxc4 Nd3 23. Rc2 b4 24. Bd4 a5 25. Rd1 Nc5
26. Bxc5 dxc5 27. Rcd2 Ke6 28. Rd8 g6 29. Ra8 a4 30. Rdd8 Ke7 31. Re8+ {
Black resigns } 1-0